 Dungeon Crawl Stone Soup version 0.22-a0-533-g4d20840 (webtiles) character file.

816 Amnesiac the Ducker (level 7, 0/35 HPs)
             Began as a Spriggan Berserker on June 22, 2018.
             Was a Priest of Trog.
             Killed from afar by an orc wizard (3 damage)
             ... with a magic dart
             ... on level 5 of the Dungeon.
             The game lasted 00:05:24 (4209 turns).

Amnesiac the Ducker (Spriggan Berserker)            Turns: 4209, Time: 00:05:25

Health: 0/35       AC:  3    Str: 15    XL:     7   Next: 62%
Magic:  8/8        EV: 22    Int:  8    God:    Trog [***...]
Gold:   191        SH:  0    Dex: 16    Spells: 6/6 levels left

rFire    . . .     SeeInvis +   u - +2 falchion (elec)
rCold    . . .     Gourm    .   (shield restricted)
rNeg     . . .     Faith    .   s - +1 animal skin
rPois    .         Spirit   .   (helmet restricted)
rElec    .         Reflect  .   v - scarf {cloud immunity}
rCorr    .         Harm     .   (gloves unavailable)
MR       +....                  (boots unavailable)
Stlth    +.........             (no amulet)
HPRegen  0.11/turn              (no ring)
MPRegen  0.11/turn              (no ring)

@: confused, very quick
A: very small, unfitting armour, see invisible, herbivore, speed 3, slow
metabolism 2
a: Berserk, Trog's Hand, Renounce Religion


You were on level 5 of the Dungeon.
You worshipped Trog.
Trog was most pleased with you.
You were not hungry.

You visited 1 branch of the dungeon, and saw 5 of its levels.

You collected 191 gold pieces.

Inventory:

Hand Weapons
 a - a +1 short sword of draining
 b - a +2 dagger of holy wrath
 u - a +2 falchion of electrocution (weapon)
Missiles
 h - 141 stones (quivered)
 q - 2 needles of paralysis
 y - 61 sling bullets
Armour
 s - a +1 animal skin (worn)
 v - a scarf of cloud immunity (worn)
Wands
 e - a wand of random effects (27)
 o - a wand of digging (13)
Scrolls
 d - 4 scrolls of teleportation {!r}
 l - a scroll of remove curse {!r}
 t - a scroll of magic mapping {!r}
Potions
 f - 2 potions of mutation {!q, unknown}
 i - a potion of agility {!q, unknown}
 j - a potion of degeneration {!q, unknown}
 k - a potion of flight {!q, unknown}
 m - 3 potions of curing {!q}
 n - 2 potions of berserk rage {!q, unknown}
 p - a potion of might {!q, unknown}
 r - a potion of haste {!q}
 w - a potion of lignification {!q}
Comestibles
 c - 6 rations


   Skills:
 - Level 2.4 Fighting
 + Level 5.9 Short Blades
 * Level 6.2 Throwing
 + Level 6.8 Dodging


You had 6 spell levels left.
You didn't know any spells.
Your spell library was empty.

Dungeon Overview and Level Annotations

Branches:
Dungeon (5/15)
 Temple: D:4-7

Altars:

Shops:
D:4 :


Innate Abilities, Weirdness & Mutations

You are very small and have problems with some larger weapons.
You are too small for most types of armour.
You have supernaturally acute eyesight. (SInv)
You are a herbivore.
You cover ground extremely quickly.
You need to consume almost no food.


Message History

You hit the orc warrior but do no damage.
Lightning courses through the orc warrior!
You kill the orc warrior!
Trog accepts your kill.
Your Throwing skill increases to level 6!
The orc wizard gestures wildly while chanting.
The orc wizard seems to speed up.
You hit the orc.
The orc is lightly wounded.
An orc wizard comes into view. It is wielding a dagger.
You hit the orc wizard.
The orc wizard is lightly wounded.
The orc wizard casts a spell at you. The magic dart hits you!
The orc wizard completely misses you.
You hit the orc wizard.
The orc wizard is moderately wounded.
The orc wizard completely misses you.
You barely miss the orc wizard.
The orc wizard is moderately wounded.
The orc wizard gestures at you while chanting.
The magic dart hits you! The orc wizard closely misses you.
You hit the orc wizard.
Lightning courses through the orc wizard!
You kill the orc wizard!
Trog accepts your kill.
Trog appreciates your killing of a magic user.
The orc wizard casts a spell.
The orc wizard flickers and vanishes for a moment.
The orc barely misses you.
You hit the orc but do no damage. Lightning courses through the orc!
You kill the orc!
Trog accepts your kill.
You hit the orc wizard but do no damage.
The orc wizard misses you.
You riposte.
You hit the orc wizard.
The orc wizard is moderately wounded.
You hit the orc wizard.
The orc wizard is severely wounded.
The orc wizard hits you with a dagger.
You hit the orc wizard.
The orc wizard is severely wounded.
The orc wizard hits you with a dagger.
* * * LOW HITPOINT WARNING * * *
The orc wizard hits you with a dagger.
* * * LOW HITPOINT WARNING * * *
You barely miss the orc wizard.
The orc wizard is severely wounded.
The orc wizard gestures at you while chanting.
The puff of flame hits you!
* * * LOW HITPOINT WARNING * * *
You are too injured to fight recklessly!
You are too injured to fight recklessly!
You are too injured to fight recklessly!
You hit the orc wizard.
The orc wizard is almost dead.
The orc wizard misses you.
You riposte.
You closely miss the orc wizard.
The orc wizard is almost dead.
You hit the orc wizard.
The orc wizard is almost dead.
The orc wizard gestures at you while chanting.
You are confused.
You bump into the rock wall.
The orc wizard casts a spell at you. The magic dart hits you!
You die...

#...# .# #...# )#
####..# .# #.....#
##.#####.#....
#............. #
...#####.##..#
#.#####..#####.##..#
#.o@.........[......
#.#####.######.#####
....####.# #.#
###.......######.#
##.............#
###############


You could see an orc wizard (invisible).

Vanquished Creatures
  Eustachio (D:4)
  A phantom (D:4)
  An orc warrior (D:5)
  3 ogres (D:4)
  A centaur skeleton (D:4)
  2 orc wizards
  3 worker ants
  2 adders
  3 oozes
  An adder zombie (D:5)
  3 worms
  A dart slug (D:1)
  3 leopard geckos (D:3)
  9 orcs
  6 bats
  5 giant cockroaches
  6 goblins
  8 hobgoblins
  4 jackals
  3 quokkas
  2 ball pythons
  7 frilled lizards
  7 kobolds
  5 rats
87 creatures vanquished.

Notes
Turn   | Place    | Note
-------+----------+-------------------------------------------
     0 | D:1      | Amnesiac the Spriggan Berserker began the quest for the Orb.
     0 | D:1      | Reached XP level 1. HP: 11/11 MP: 2/2
   159 | D:1      | Reached skill level 1 in Throwing
   314 | D:1      | Reached XP level 2. HP: 4/16 MP: 3/3
  1047 | D:2      | Reached XP level 3. HP: 12/19 MP: 4/4
  1306 | D:2      | Reached ** piety under Trog
  2218 | D:3      | Reached XP level 4. HP: 21/23 MP: 5/5
  2975 | D:4      | Found Qieguaw's Book Shop.
  3015 | D:4      | Reached XP level 5. HP: 12/27 MP: 6/6
  3332 | D:4      | Noticed Eustachio
  3355 | D:4      | Killed Eustachio
  3355 | D:4      | Reached skill level 5 in Dodging
  3355 | D:4      | Reached XP level 6. HP: 23/32 MP: 7/7
  3433 | D:4      | Reached *** piety under Trog
  3433 | D:4      | Reached skill level 5 in Short Blades
  3449 | D:4      | Reached skill level 5 in Throwing
  3498 | D:4      | Reached XP level 7. HP: 27/35 MP: 8/8
  3871 | D:5      | Entered Level 5 of the Dungeon
  4209 | D:5      | Killed from afar by an orc wizard

Vault maps used:
D:1:      dpeg_cavernosity, minmay_misc_feat_tower
D:3:      kennysheep_boxes
D:4:      cheibrodos_old_hovel, serial_shops, shop, first_ration, uniq_eustachio
D:5:      nrook_mini_backslash, uniq_edmund

Skill      XL: |  1  2  3  4  5  6  7 |
---------------+----------------------+-----
Throwing       | 1 2 3 4 5 6 |  6.2
Short Blades   | 4 5 |  5.9
Dodging        | 5 6 |  6.8
Fighting       | |  2.4

Action                   |  1- 3 |  4- 6 |  7- 9 || total
-------------------------+-------+-------+-------++-------
Melee: Short sword       |   168 |    42 |       ||   210
       Dagger            |     4 |       |       ||     4
       Falchion          |       |    68 |    43 ||   111
Invok: Trog's Hand       |       |       |     1 ||     1
  Use: Scroll            |     1 |     7 |       ||     8
       Potion            |       |     1 |       ||     1
 Stab: Sleeping          |     2 |     2 |       ||     4
       Distracted        |     1 |       |       ||     1
  Eat: Ration            |       |     2 |       ||     2
Armor: Animal skin       |    15 |     3 |     1 ||    19
Dodge: Dodged            |    99 |    99 |    36 ||   234
       Rpst.: Falchion   |       |    15 |    10 ||    25

Table legend:
 A = Spawn XP
 B = Non-spawn XP
 C = Spawn XP percentage of total XP
 D = Spawn monster count
 E = Non-spawn monster count
 F = Spawn count percentage of total count
 G = Total turns spent on level
                    A         B        C        D         E        F      G
               +---------+---------+-------+---------+---------+-------+---------
         Total |       0 |    1167 |   0.0 |       0 |      87 |   0.0 |  4209
               +---------+---------+-------+---------+---------+-------+---------
           D:1 |       0 |      34 |   0.0 |       0 |      18 |   0.0 |   972
           D:2 |       0 |      42 |   0.0 |       0 |      17 |   0.0 |   981
           D:3 |       0 |      58 |   0.0 |       0 |      23 |   0.0 |   939
           D:4 |       0 |     816 |   0.0 |       0 |      21 |   0.0 |  1228
           D:5 |       0 |     217 |   0.0 |       0 |       8 |   0.0 |    89
               +---------+---------+-------+---------+---------+-------+---------
